 Dungeon Crawl Stone Soup version bcrawl-1.36.3 (webtiles) character file.

Game seed: 2989199164693176406

215158 zxcvbn the Bolt Thrower (level 7, 41/62 HPs)
             Began as a Deep Dwarf Warper on June 3, 2022.
             Was an Elder of Elyvilon.
             Quit the game on level 4 of the Dungeon.
             The game lasted 00:32:40 (3544 turns).

zxcvbn the Bolt Thrower (Deep Dwarf Warper)         Turns: 3544, Time: 00:32:40

Health: 41/62      AC:  7    Str: 15    XL:     7   Next: 16%
Magic:  11/11      EV: 12    Int: 13    God:    Elyvilon [****..]
Gold:   342        SH:  0    Dex: 14    Spells: 9/11 levels left

rFire    . . .     SeeInvis .   m - +0 short sword
rCold    . . .     Gourm    .   (no shield)
rNeg     + . .     Faith    +   w - +2 leather armour {rN+}
rPois    .         Spirit   .   (no helmet)
rElec    .         Reflect  .   (no cloak)
rCorr    +                      x - +1 pair of gloves
MR       +....                  (no boots)
Stlth    ++........             r - amulet of faith
HPRegen  0.00/turn              p - ring of resist corrosion
MPRegen  0.12/turn              k - ring of wizardry

@: non-regenerating
A: damage resistance, sense surroundings 1, no regeneration
a: Lesser Healing, Heal Other, Purification, Greater Healing, Divine Protection,
Renounce Religion


You were on level 4 of the Dungeon.
You worshipped Elyvilon.
Elyvilon was greatly pleased with you.
You were not hungry.

You visited 1 branch of the dungeon, and saw 4 of its levels.

You collected 342 gold pieces.

Inventory:

Hand Weapons
 a - a +0 hand crossbow
 b - a +0 dagger
 m - a +0 short sword (weapon)
Missiles
 f - 646 bolts
 h - 566 sling bullets
 q - 645 stones (quivered)
 A - 109 arrows
Armour
 c - a +0 robe
 u - a +0 leather armour
 w - a +2 leather armour of positive energy (worn)
 x - a +1 pair of gloves (worn)
Jewellery
 k - a ring of wizardry (right hand)
 p - a ring of resist corrosion (left hand)
 r - an amulet of faith (around neck)
Wands
 y - a wand of acid (8)
Scrolls
 d - 4 scrolls of remove curse
 g - a scroll of blinking
 n - a scroll of teleportation {unknown}
 s - 2 scrolls of enchant armour {unknown}
 t - a scroll of fog {unknown}
Potions
 j - 3 potions of degeneration
 l - a potion of heal wounds
 o - 2 potions of curing
 z - a potion of agility
Comestibles
 e - 6 rations {!d}
 v - 5 chunks of flesh


   Skills:
 + Level 3.3 Fighting
 + Level 1.8 Short Blades
 + Level 5.7 Crossbows
 + Level 1.7 Armour
 + Level 2.9 Dodging
 + Level 1.4 Stealth
 + Level 2.7 Spellcasting
 + Level 4.3 Translocations
 + Level 1.2 Invocations


You had 9 spell levels left.
You knew the following spells:

 Your Spells              Type           Power        Failure   Level  Hunger
a - Blink Other           Tloc           ##....       1%          1    None
b - Apportation           Tloc           ##....       1%          1    None

Your spell library contained the following spells:

 Spells                   Type           Power        Failure   Level  Hunger
 Blink                    Tloc           N/A          3%          2    ##.....
 Portal Projectile        Tloc           ##....       6%          3    ####...
 Teleport Other           Tloc           ##......     6%          3    ####...
 Passage of Golubria      Tloc           N/A          45%         5    #######


Dungeon Overview and Level Annotations

Branches:
Dungeon (4/12)
 Temple: D:4-7

Altars:
Dithmenos
Elyvilon
Lugonu
Ru
Sif Muna
Wu Jian
Xom
Yredelemnul
The Shining One


Innate Abilities, Weirdness & Mutations

You are resistant to damage.
You passively map a small area around you.
You do not regenerate.


Message History

There is a sacrificial altar of Ru here.
Some of the chunks of flesh in your inventory have rotted away.
There is a shimmering blue altar of Sif Muna here.
There is a shadowy altar of Dithmenos here.
There is a glowing golden altar of the Shining One here.
There is a corrupted altar of Lugonu here.
There is an ornate altar of the Wu Jian Council here.
You kneel at the altar of Wu Jian.
There is a sacrificial altar of Ru here.
You kneel at the altar of Ru.
There is a shimmering blue altar of Sif Muna here.
You kneel at the altar of Sif Muna.
Unknown command.
Press < or > to pray at altars.
Unknown command.
Press < or > to pray at altars.
Unknown command.
Press < or > to pray at altars.
Okay, then.
Are you sure you want to abandon this character and quit the game? (Confirm with "yes".)

##......# #8..8##.#
#...._#.# ###..###.#
#⌠....8#.# ###..###.#
#....._#.# ###..###.#
# #_....@#.# *.
###..###.####### ##.
#_...._#.......# #..
###_8_##.......# #.#
######<......######.#
#...........>.....
#.........#.......
#.........######..
#...........##*#..


There were no monsters in sight!

Vanquished Creatures
  An ogre (D:3)
  2 sky beasts (D:3)
  A scorpion (D:4)
  An orc priest (D:3)
  A crimson imp (D:3)
  A quasit (D:4)
  An orc wizard (D:3)
  An iguana (D:4)
  A gnoll (D:2)
  A howler monkey skeleton (D:4)
  2 adders (D:4)
  2 oozes
  3 dart slugs
  4 leopard geckos (D:2)
  8 orcs
  4 giant cockroaches
  7 goblins
  3 hobgoblins
  7 jackals
  9 kobolds
  A quokka (D:2)
  2 ball pythons (D:2)
  3 bats (D:2)
  A frilled lizard (D:2)
  3 rats
70 creatures vanquished.

Notes
Turn   | Place    | Note
-------+----------+-------------------------------------------
     0 | D:1      | zxcvbn the Deep Dwarf Warper began the quest for the Orb.
     0 | D:1      | Reached XP level 1. HP: 19/19 MP: 3/3
   249 | D:1      | Reached XP level 2. HP: 23/26 MP: 5/5
   869 | D:2      | Reached XP level 3. HP: 28/32 MP: 6/6
   892 | D:2      | Reached ** piety under Elyvilon
   933 | D:2      | Reached skill level 3 in Crossbows
  1888 | D:3      | Reached XP level 4. HP: 14/40 MP: 7/7
  2043 | D:3      | Reached skill level 4 in Crossbows
  2062 | D:3      | Noticed an ogre
  2065 | D:3      | Killed an ogre
  2066 | D:3      | Reached XP level 5. HP: 38/46 MP: 8/8
  2206 | D:3      | Reached skill level 5 in Crossbows
  2210 | D:3      | Reached skill level 1 in Short Blades
  2289 | D:3      | Reached *** piety under Elyvilon
  2561 | D:3      | Reached XP level 6. HP: 46/55 MP: 9/9
  2864 | D:4      | Noticed a sky beast
  2865 | D:4      | Noticed a sky beast
  2946 | D:3      | Killed a sky beast
  2947 | D:3      | Reached skill level 1 in Stealth
  3036 | D:3      | Killed a sky beast
  3037 | D:3      | Reached skill level 1 in Armour
  3037 | D:3      | Reached skill level 1 in Invocations
  3123 | D:4      | Found a white marble altar of Elyvilon.
  3274 | D:4      | Reached **** piety under Elyvilon
  3298 | D:4      | Reached XP level 7. HP: 41/62 MP: 9/11
  3478 | D:4      | Found a basalt altar of Yredelemnul.
  3485 | D:4      | Found a shimmering altar of Xom.
  3485 | D:4      | Found a corrupted altar of Lugonu.
  3485 | D:4      | Found a glowing golden altar of the Shining One.
  3496 | D:4      | Found a shimmering blue altar of Sif Muna.
  3497 | D:4      | Found a sacrificial altar of Ru.
  3498 | D:4      | Found a shadowy altar of Dithmenos.
  3499 | D:4      | Found an ornate altar of the Wu Jian Council.
  3544 | D:4      | Quit the game

Skill      XL: |  1  2  3  4  5  6 |
---------------+-------------------+-----
Crossbows      | 3 4 5 |  5.7
Translocations | 4 |  4.3
Short Blades   | 1 |  1.8
Fighting       | 3 |  3.3
Stealth        | 1 |  1.4
Armour         | 1 |  1.7
Invocations    | 1 |  1.2
Dodging        | |  2.9
Spellcasting   | |  2.7

Action                   |  1- 3 |  4- 6 |  7- 9 || total
-------------------------+-------+-------+-------++-------
Melee: Short sword       |    18 |    84 |     5 ||   107
 Fire: Hand crossbow     |    95 |    56 |    15 ||   166
Throw: Stone             |       |     3 |       ||     3
 Cast: Blink Other       |     6 |    10 |     1 ||    17
Invok: Lesser Healing    |     1 |     9 |       ||    10
  Use: Scroll            |     3 |     2 |       ||     5
  Eat: Chunk             |     6 |     8 |     1 ||    15
       Ration            |       |     1 |       ||     1
Armor: Robe              |    11 |     5 |       ||    16
       Leather armour    |       |    37 |     2 ||    39
Dodge: Dodged            |    25 |    52 |     4 ||    81
